 Dungeon Crawl Stone Soup version 0.20.0-8-g6b59dc7 (webtiles) character file.

250 poirepourri the Digger (level 6, 0/32 HPs)
             Began as a Gargoyle Earth Elementalist on June 2, 2017.
             Slain by Grinder (7 damage)
             ... on level 3 of the Dungeon.
             The game lasted 00:08:13 (4568 turns).

poirepourri the Digger (GrEE)                       Turns: 4568, Time: 00:08:14

Health: 0/32       AC:  6    Str: 16    XL:     6   Next: 13%
Magic:  1/12       EV: 12    Int: 23    God:
Gold:   182        SH:  0    Dex: 10    Spells: 3/13 levels left

rFire    . . .     SeeInvis .   b - +0 club
rCold    + . .     Gourm    .   (no shield)
rNeg     + . .     Faith    .   c - +0 robe
rPois    ∞         Spirit   .   (no helmet)
rElec    +         Reflect  .   (no cloak)
rCorr    .         Harm     .   (no gloves)
MR       .....                  (no boots)
Stlth    ++........             (no amulet)
Regen    0.1/turn               h - ring of protection from cold
MPRegen  0.2/turn               (no ring)

@: mighty, brilliant, very slightly contaminated
A: negative energy resistance 1, electricity resistance, unbreathing,
petrification resistance, rot immunity, AC +4
a: no special abilities


You were on level 3 of the Dungeon.
You were not hungry.

You visited 1 branch of the dungeon, and saw 3 of its levels.
You also visited: Sewer.

You collected 182 gold pieces.

Inventory:

Hand Weapons
 b - a +0 club (weapon)
Missiles
 l - 3 tomahawks (quivered)
 o - 5 tomahawks of returning
Armour
 c - a +0 robe (worn)
Jewellery
 h - a ring of protection from cold (left hand)
Scrolls
 a - 2 scrolls of remove curse
 d - a scroll of fog
 f - 2 scrolls of recharging
 k - 2 scrolls of enchant weapon
Potions
 q - 2 potions of haste
Books
 e - a book of Geomancy

   Spells                             Type                      Level
   a - Sandblast                      Earth                        1
   b - Passwall                       Transmutation/Earth          2
   c - Stone Arrow                    Conjuration/Earth            3
   d - Petrify                        Transmutation/Earth          4
   e - Lee's Rapid Deconstruction     Earth                        5
Comestibles
 j - a bread ration
 m - a royal jelly


   Skills:
 + Level 2.1 Dodging
 - Level 2.7 Stealth
 + Level 4.0 Spellcasting
 + Level 0.4 Conjurations
 + Level 0.7 Transmutations
 + Level 5.8 Earth Magic


You had 3 spell levels left.
You knew the following spells:

 Your Spells              Type           Power        Failure   Level  Hunger
a - Sandblast             Erth           #####.       1%          1    None
b - Passwall              Tmut/Erth      ####......   1%          2    #......
c - Stone Arrow           Conj/Erth      ####..       1%          3    ##.....
d - Petrify               Tmut/Erth      ####....     3%          4    ####...


Dungeon Overview and Level Annotations

Branches:
Dungeon (3/15)

Altars:
Trog

Annotations:
D:3 Grinder, Jessica


Innate Abilities, Weirdness & Mutations

You are resistant to torment.
Your stone body is resilient. (AC +4)
You are immune to poison.
You resist negative energy. (rN+)
You are resistant to electric shocks. (rElec)
You can survive without breathing.
You are immune to petrification.
You are immune to rotting.


Message History

Grinder barely misses you. Grinder hits you but does no damage.
You hit Grinder.
Grinder is severely wounded.
Grinder closely misses you.
You closely miss Grinder.
Grinder is severely wounded.
Grinder hits you.
You closely miss Grinder.
Grinder is severely wounded.
Grinder gestures at you. Pain shoots through your body! Grinder hits you.
You writhe in agony.
* * * LOW HITPOINT WARNING * * *
Okay, then.
You feel very mighty all of a sudden. Grinder hits you.
* * * LOW HITPOINT WARNING * * *
You closely miss Grinder.
Grinder is severely wounded.
Grinder hits you!
You die...

....# ....... ##.## ..@.% . ##.#
..§.. .#.#.. ...## ♣...♣ #.#.#.##
....# ♣...♣ ..>..... ...##♣ ♣♣♣
... ♣♣♣♣## #.....##. ...#.# #.#
#.# #....####.#...... ...#.# #.#
#.####................ ...#.###.#
#...5@.......#...(....
.........######.#)#####..........
.###.....##.....#.# #.#.##...#
.........##.....#.#####.#.##..###
.#######..#.........##.....#.....
.#### ##.#.....#.####.....#...#.
....#####..#####.....#.....#.....
.##.....)..## #..##.#.........#.
........#...# #..##.#.........#.


You could see Grinder.

Vanquished Creatures
  Purgy (Sewer)
  An iguana (D:3)
  A gnoll (D:1)
  3 adders
  2 worms
  A dart slug (D:2)
  3 leopard geckos (D:1)
  4 orcs (D:3)
  5 giant cockroaches
  8 goblins
  9 hobgoblins
  7 jackals
  A quokka (D:3)
  3 ball pythons
  8 bats
  11 frilled lizards
  7 kobolds
  12 rats
87 creatures vanquished.

Notes
Turn   | Place    | Note
-------+----------+-------------------------------------------
     0 | D:1      | poirepourri the Gargoyle Earth Elementalist began the quest for the Orb.
     0 | D:1      | Reached XP level 1. HP: 10/10 MP: 3/3
    81 | D:1      | Reached XP level 2. HP: 3/15 MP: 0/5
   312 | D:1      | Learned a level 2 spell: Passwall
   407 | D:1      | Reached skill level 4 in Earth Magic
   837 | D:1      | Reached XP level 3. HP: 18/19 MP: 1/6
  1631 | D:1      | Learned a level 3 spell: Stone Arrow
  2085 | D:2      | Reached XP level 4. HP: 24/24 MP: 1/8
  2395 | D:2      | Noticed a moth of wrath
  2398 | D:2      | Found a bloodstained altar of Trog.
  2413 | D:2      | Reached skill level 5 in Earth Magic
  3234 | D:3      | Found a glowing drain.
  3327 | Sewer    | Entered a sewer
  3374 | Sewer    | Noticed Purgy
  3381 | Sewer    | Killed Purgy
  3381 | Sewer    | Reached XP level 5. HP: 24/28 MP: 1/10
  3718 | D:3      | Learned a level 4 spell: Petrify
  3754 | D:3      | Reached XP level 6. HP: 32/32 MP: 4/11
  4480 | D:3      | Noticed Grinder
  4546 | D:3      | Noticed Jessica
  4568 | D:3      | Slain by Grinder

Skill      XL: |  1  2  3  4  5  6 |
---------------+-------------------+-----
Earth Magic    | 4 5 |  5.8
Spellcasting   | 3 4 |  4.0
Dodging        | 2 |  2.1
Stealth        | |  2.7
Conjurations   | |  0.4
Transmutations | |  0.7

Action                   |  1- 3 |  4- 6 || total
-------------------------+-------+-------++-------
Melee: Unarmed           |     6 |     2 ||     8
       Club              |       |    11 ||    11
Throw: Tomahawk          |       |     7 ||     7
 Cast: Sandblast         |    56 |    56 ||   112
       Stone Arrow       |     2 |    16 ||    18
  Use: Scroll            |     6 |     8 ||    14
       Potion            |       |     7 ||     7
  Eat: Bread ration      |     1 |       ||     1
       Fruit             |       |     3 ||     3
       Meat ration       |       |     2 ||     2
Armor: Robe              |    10 |    34 ||    44
Dodge: Dodged            |    34 |    57 ||    91
